 Dungeon Crawl Stone Soup version 0.26-a0-64-g059e62f (webtiles) character file.

Game seed: 18121842870569772630

3980 Faca the Slinger (level 10, -7/72 HPs)
             Began as a Halfling Hunter on June 10, 2020.
             Was a Priest of Okawaru.
             Killed from afar by Erica (21 damage)
             ... with a bolt of acid
             ... on level 9 of the Dungeon.
             The game lasted 00:17:51 (11749 turns).

Faca the Slinger (Halfling Hunter)                 Turns: 11749, Time: 00:17:52

Health: -7/72      AC:  8    Str: 16    XL:     10   Next: 46%
Magic:  8/10       EV: 16    Int:  9    God:    Okawaru [***...]
Gold:   537        SH:  0    Dex: 16    Spells: 9/9 levels left

rFire    . . .     SeeInvis .   a - +2 hunting sling
rCold    . . .     Gourm    .   (shield restricted)
rNeg     + . .     Faith    .   l - +3 scale mail {rN+}
rPois    .         Spirit   .   v - +0 helmet
rElec    .         Reflect  .   (no cloak)
rCorr    .         Harm     .   (no gloves)
MR       +....                  j - +0 pair of boots
Stlth    ++........             (no amulet)
HPRegen  0.22/turn              i - ring of protection from magic
MPRegen  0.12/turn              (no ring)

@: heroism, corroded
A: small, mutation resistance 1
a: Heroism, Renounce Religion


You were on level 9 of the Dungeon.
You worshipped Okawaru.
Okawaru was most pleased with you.
You were not hungry.

You visited 1 branch of the dungeon, and saw 9 of its levels.

You collected 537 gold pieces.

Inventory:

Hand Weapons
 a - a +2 hunting sling (weapon)
 n - a +0 short sword of venom
Missiles
 d - 96 sling bullets
 h - 123 stones (quivered)
Armour
 j - a +0 pair of boots (worn)
 l - a +3 scale mail of positive energy (worn)
 s - +0 fire dragon scales
 v - a +0 helmet (worn)
Jewellery
 i - a ring of protection from magic (left hand)
 p - an uncursed ring of fire
Wands
 c - a wand of flame (19)
 x - a wand of acid (8)
Scrolls
 b - 3 scrolls of enchant weapon
 g - 2 scrolls of teleportation
 k - 3 scrolls of remove curse
 w - 2 scrolls of magic mapping
 y - 2 scrolls of immolation
Potions
 e - a potion of resistance
 o - a potion of mutation
 r - a potion of curing
 t - a potion of cancellation
 u - a potion of might
Comestibles
 f - 15 rations


   Skills:
 + Level 7.9(12.9) Fighting
 + Level 9.9(14.9) Short Blades
 + Level 12.8(17.8) Slings
 - Level 2.1(7.1) Dodging
 - Level 1.1(6.1) Stealth


You had 9 spell levels left.
You didn't know any spells.
Your spell library contained the following spells:

 Spells                   Type           Power        Failure   Level  Hunger
 Animate Skeleton         Necr           N/A          80%         1    ##.....
 Apportation              Tloc           #.....       80%         1    ##.....
 Corona                   Hex            #......      80%         1    ##.....
 Summon Small Mammal      Summ           #...         80%         1    ##.....


Dungeon Overview and Level Annotations

Branches:
Dungeon (9/15)             Temple (0/1) D:7
   Lair: D:8-11         Orc: D:9-12

Altars:
Ashenzari
Cheibriados
Hepliaklqana
Nemelex Xobeh
Okawaru
Qazlal
Ru
Sif Muna
Trog
Uskayaw
Wu Jian
Xom
Yredelemnul
Zin

Annotations:
D:9 Erica


Innate Abilities, Weirdness & Mutations

You are small and have problems with some larger weapons.
You are somewhat resistant to further mutation.


Message History

The bolt of poison hits you.
You are poisoned.
You gain the combat prowess of a mighty hero.
You feel sick.
Erica zaps a wand.
The bolt of acid hits you!
* * * LOW HITPOINT WARNING * * *
The acid corrodes you!
You are splashed with acid!
* * * LOW HITPOINT WARNING * * *
As you read the scroll of fear, it crumbles to dust.
You assume a fearsome visage.
Erica looks frightened!
The hound skeleton is unaffected.
* * * LOW HITPOINT WARNING * * *
You feel sick.
Erica gestures wildly while chanting.
Erica flickers and vanishes!
Deactivating autopickup; reactivate with Ctrl-A.
You feel better.
You hear a zap.
A bolt of acid appears from out of thin air!
The bolt of acid hits you!!
You die...

##### #..... .... .. +.....
###.. ... #..... ...# #.#
#.... #..# #.# ##... #..#
#.# ##.. #..# #.# ##'
#..###.###.# #.
#..@.......# ######.
#.##(###{####.###........#.
...((((Z.# #.# #.######...
##.#.##### #.# #.##...#...
##.###.#.(......
#...##.#........
##............##
#####.##....... #........##


You could see a hound skeleton.

Vanquished Creatures
  A two-headed ogre (D:8)
  Psyche (D:8)
  2 hornets
  A hungry ghost (D:7)
  2 ice beasts
  2 black bears (D:7)
  A necrophage (D:6)
  2 ogres (D:6)
  2 phantoms (D:9)
  2 centaurs
  A big kobold (D:8)
  2 bullfrogs
  6 killer bees (D:8)
  2 crimson imps (D:5)
  A quasit (D:7)
  4 jellies
  2 orc priests
  2 bullfrog skeletons
  6 hounds
  An orc wizard (D:4)
  Jessica (D:2)
  Natasha (thrice) (D:4)
  3 worker ants
  A killer bee zombie (D:8)
  10 gnolls
  15 adders
  2 shadow imps
  6 oozes
  An adder zombie (D:8)
  2 worms
  2 adder skeletons
  4 dart slugs
  A leopard gecko (D:2)
  26 orcs
  3 giant cockroaches
  7 goblins
  9 hobgoblins
  8 jackals
  15 kobolds
  2 quokkas
  A ball python (D:2)
  5 bats
  5 frilled lizards
  A jackal skeleton (D:7)
  A leopard gecko skeleton (D:5)
  7 rats
184 creatures vanquished.

Notes
Turn   | Place    | Note
-------+----------+-------------------------------------------
     0 | D:1      | Faca the Halfling Hunter began the quest for the Orb.
     0 | D:1      | Reached XP level 1. HP: 14/14 MP: 1/1
    87 | D:1      | Reached skill level 6 in Slings
    91 | D:1      | Reached XP level 2. HP: 6/19 MP: 2/2
    97 | D:1      | Reached skill level 1 in Short Blades
   720 | D:1      | Reached XP level 3. HP: 17/24 MP: 3/3
  1387 | D:2      | Reached XP level 4. HP: 16/30 MP: 4/4
  1446 | D:2      | Noticed Jessica
  1456 | D:2      | Killed Jessica
  1858 | D:2      | Reached XP level 5. HP: 36/36 MP: 5/5
  2043 | D:2      | Reached skill level 7 in Slings
  3099 | D:3      | Found a shattered altar of Ashenzari.
  3304 | D:3      | Reached XP level 6. HP: 42/42 MP: 6/6
  3671 | D:3      | Found a sacrificial altar of Ru.
  3717 | D:3      | Found a snail-covered altar of Cheibriados.
  3972 | D:3      | Found a basalt altar of Yredelemnul.
  3972 | D:3      | Found a glowing silver altar of Zin.
  4527 | D:4      | Reached skill level 8 in Slings
  4527 | D:4      | Reached XP level 7. HP: 45/47 MP: 7/7
  4788 | D:4      | Noticed Natasha
  4800 | D:4      | Killed Natasha
  4815 | D:4      | Noticed Natasha
  4823 | D:4      | Killed Natasha
  5002 | D:4      | Found a sparkling altar of Nemelex Xobeh.
  5191 | D:4      | Noticed Natasha
  5200 | D:4      | Killed Natasha
  5200 | D:4      | Reached skill level 5 in Short Blades
  5430 | D:4      | Found a bloodstained altar of Trog.
  5568 | D:5      | Entered Level 5 of the Dungeon
  6340 | D:6      | Reached skill level 9 in Slings
  6340 | D:6      | Reached XP level 8. HP: 36/54 MP: 8/8
  6464 | D:6      | Found an ornate altar of the Wu Jian Council.
  6560 | D:6      | Reached skill level 5 in Fighting
  6952 | D:6      | Found an iron altar of Okawaru.
  6960 | D:6      | Became a worshipper of Warmaster Okawaru
  7390 | D:6      | Found a hazy altar of Hepliaklqana.
  7395 | D:6      | Found a hide-covered altar of Uskayaw.
  7561 | D:6      | Found a shimmering altar of Xom.
  7691 | D:6      | Found a shimmering blue altar of Sif Muna.
  7766 | D:7      | Reached skill level 10 in Slings
  7913 | D:7      | Found a stormy altar of Qazlal.
  7991 | D:7      | Reached XP level 9. HP: 34/62 MP: 9/9
  8296 | D:7      | Found a staircase to the Ecumenical Temple.
  8323 | D:7      | Reached * piety under Okawaru
  9081 | D:8      | Noticed Psyche
  9090 | D:7      | Reached skill level 11 in Slings
  9158 | D:8      | Killed Psyche
  9161 | D:8      | Noticed a hornet
  9392 | D:8      | Killed a hornet
  9392 | D:8      | Reached ** piety under Okawaru
 10164 | D:8      | Noticed a two-headed ogre
 10193 | D:8      | Killed a two-headed ogre
 10193 | D:8      | Reached skill level 12 in Slings
 10193 | D:8      | Reached XP level 10. HP: 13/71 MP: 8/10
 11479 | D:9      | Paralysed by a hornet for 1 turns
 11485 | D:9      | Reached *** piety under Okawaru
 11732 | D:9      | Noticed Erica
 11749 | D:9      | Killed from afar by Erica

Illustrated notes

Levels and vault maps discovered:
D:1:      dpeg_arrival_round_c, layout_basic
D:2:      layout_loops_corners, first_ration, uniq_jessica
D:3:      layout_loops_corners, overflow_temple_1_default, ashenzari_altar_1,
          gammafunk_temple_overflow_statue, marbit_many_paths, minmay_distorted
D:4:      layout_basic, kennysheep_mini, nemelex_xobeh_ov_fountains_minmay,
          uniq_natasha
D:5:      layout_loops_ring
D:6:      layout_basic, lemuel_blue_sif_altar, lemuel_coloured_pillars_altar,
          grunt_temple_overflow_open, okawaru_gym_becter, basic_altar,
          due_unseen_surprise
D:7:      layout_loops_ring, nicolae_overflow_crystal_walls,
          minmay_temple_entry_trees
D:8:      layout_basic, hangedman_little_slice_of_home, uniq_psyche
D:9:      layout_loops_corners, uniq_erica

Skill      XL: |  1  2  3  4  5  6  7  8  9 |
---------------+----------------------------+-----
Fighting       | 2 3 4 5 7 |  7.9
Slings         | 6 7 8 9 10 12 | 12.8
Short Blades   | 1 2 3 4 5 7 9 |  9.9
Dodging        | |  2.1
Stealth        | |  1.1

Action                   |  1- 3 |  4- 6 |  7- 9 | 10-12 || total
-------------------------+-------+-------+-------+-------++-------
Melee: Short sword       |   100 |   248 |   530 |   116 ||   994
 Fire: Hunting sling     |     3 |    34 |    31 |     9 ||    77
Invok: Heroism           |       |       |     1 |     3 ||     4
  Use: Scroll            |     3 |     5 |     8 |     4 ||    20
       Potion            |       |     1 |       |     3 ||     4
  Eat: Chunk             |     1 |    11 |    11 |     1 ||    24
       Ration            |       |       |     3 |     1 ||     4
Armor: Leather armour    |    13 |       |       |       ||    13
       Ring mail         |    28 |    57 |       |       ||    85
       Scale mail        |       |     8 |   187 |    39 ||   234
Dodge: Dodged            |    85 |   164 |   287 |    50 ||   586

Table legend:
 A = Non-vault XP
 B = Vault XP
 C = Vault XP percentage of total XP
 D = Non-vault monster count
 E = Vault monster count
 F = Vault count percentage of total count
                 A         B        C        D         E       F
            +---------+---------+-------+---------+---------+-------
      Total |    5033 |     654 |  11.5 |     171 |      13 |   7.1
            +---------+---------+-------+---------+---------+-------
        D:1 |      48 |       0 |   0.0 |      27 |       0 |   0.0
        D:2 |     175 |      37 |  17.5 |      26 |       1 |   3.7
        D:3 |     174 |       5 |   2.8 |      26 |       2 |   7.1
        D:4 |     345 |      36 |   9.4 |      28 |       1 |   3.4
        D:5 |     185 |       0 |   0.0 |      13 |       0 |   0.0
        D:6 |     574 |       0 |   0.0 |       9 |       0 |   0.0
        D:7 |    1083 |       0 |   0.0 |      18 |       0 |   0.0
        D:8 |    1899 |     576 |  23.3 |      19 |       9 |  32.1
        D:9 |     550 |       0 |   0.0 |       5 |       0 |   0.0
            +---------+---------+-------+---------+---------+-------
